 Dungeon Crawl Stone Soup version 0.22-a0-147-gfdd7f25 (webtiles) character file.

2 mhoghedin the Charlatan (level 1, -2/12 HPs)
             Began as a Kobold Artificer on Feb 6, 2018.
             Slain by a hobgoblin
             ... wielding a +0 club
              (5 damage)
             ... on level 1 of the Dungeon.
             The game lasted 00:00:31 (397 turns).

mhoghedin the Charlatan (Kobold Artificer)           Turns: 397, Time: 00:00:32

Health: -2/12      AC:  3    Str:  9    XL:     1   Next: 33%
Magic:  3/3        EV: 14    Int: 12    God:
Gold:   12         SH:  0    Dex: 15    Spells: 0/0 levels left

rFire    . . .     SeeInvis .   a - +0 short sword
rCold    . . .     Gourm    .   (shield restricted)
rNeg     . . .     Faith    .   b - +0 leather armour
rPois    .         Spirit   .   (no helmet)
rElec    .         Reflect  .   (no cloak)
rCorr    .         Harm     .   (no gloves)
MR       .....                  (no boots)
Stlth    ++........             (no amulet)
HPRegen  0.04/turn              (no ring)
MPRegen  0.08/turn              (no ring)

@: no status effects
A: small, carnivore
a: no special abilities


You were on level 1 of the Dungeon.
You were not hungry.

You visited 1 branch of the dungeon, and saw 1 of its levels.

You collected 12 gold pieces.

Inventory:

Hand Weapons
 a - a +0 short sword (weapon)
Armour
 b - a +0 leather armour (worn)
Wands
 c - a wand of flame (15)
 d - a wand of enslavement (15)
 e - a wand of random effects (15)
Scrolls
 g - a scroll of identify {unknown}
Potions
 h - a potion of might {unknown}
Comestibles
 f - 2 rations


   Skills:
 - Level 1.1 Fighting
 + Level 1.6 Short Blades
 - Level 2.4 Dodging
 + Level 1.6 Stealth
 - Level 3.6 Evocations


You couldn't memorise any spells.
You didn't know any spells.

Dungeon Overview and Level Annotations

Branches:
Dungeon (1/15)

Altars:


Innate Abilities, Weirdness & Mutations

You are small and have problems with some larger weapons.
You are carnivorous and can eat meat at any time.


Message History

There is an open door here.
There is an open door here.
There is an open door here.
There is an open door here.
There is an open door here.
There is an open door here.
There is an open door here.
There is an open door here.
There is an open door here.
There is an open door here.
Partly explored, can't reach some places.
No target in view!
Partly explored, can't reach some places.
No target in view!
No target in view!
No target in view!
No target in view!
Partly explored, can't reach some places.
No target in view!
There is an open door here.
There is a stone staircase leading down here.
There is an open door here.
There is an open gate here.
You hit the fungus but do no damage. You hit the fungus. You hit the fungus.
You hit the fungus but do no damage. You completely miss the fungus.
You hit the fungus. You hit the fungus. You hit the fungus. You hit the fungus.
You hit the fungus. You hit the fungus. You hit the fungus.
You hit the fungus but do no damage. You hit the fungus but do no damage.
You hit the fungus but do no damage. You hit the fungus.
You hit the fungus but do no damage. You hit the fungus but do no damage.
You hit the fungus. You hit the fungus but do no damage. You hit the fungus.
You hit the fungus. You hit the fungus but do no damage.
You hit the fungus but do no damage. You hit the fungus.
You destroy the fungus!
A bat comes into view.
The bat hits you. The bat misses you.
You take 1 damage, and have 11/12 hp.
You hit the bat. The bat hits you but does no damage. x2
You hit the bat but do no damage. The bat closely misses you.
The bat misses you.
You hit the bat but do no damage. The bat closely misses you.
The bat hits you but does no damage.
You closely miss the bat. The bat hits you but does no damage. x2
You barely miss the bat. The bat closely misses you. x2
You closely miss the bat. The bat closely misses you. The bat misses you.
You hit the bat.
You kill the bat!
No target in view!
No target in view!
No target in view!
No target in view!
h - a smoky coppery potion Health restored: 12 A giant cockroach, a hobgoblin and a dart slug come into view.
A hobgoblin comes into view. It is wielding a club.
The hobgoblin shouts!
A bat comes into view.
A kobold comes into view.
The dart slug launches a dart at you. The slug dart hits you!
The dart slug launches a dart at you. The slug dart misses you.
The dart slug launches a dart at you. The slug dart hits you!
You take 4 damage, and have 8/12 hp.
MASSIVE DAMAGE!!
The giant cockroach barely misses you. The giant cockroach bites you.
You take 1 damage, and have 7/12 hp.
The giant cockroach misses you.
The giant cockroach bites you but does no damage.
You hit the giant cockroach but do no damage.
The giant cockroach bites you but does no damage.
You barely miss the giant cockroach. The giant cockroach bites you.
You take 1 damage, and have 6/12 hp.
You barely miss the giant cockroach. The giant cockroach barely misses you.
You hit the giant cockroach but do no damage.
The giant cockroach bites you. The giant cockroach misses you.
You take 2 damage, and have 4/12 hp.
You hit the giant cockroach.
You kill the giant cockroach!
You hit the hobgoblin. The hobgoblin hits you with a club.
* * * LOW HITPOINT WARNING * * *
You barely miss the hobgoblin. The hobgoblin hits you with a club.
You die...

#..## ##.....
##..# ###### ##.#
#. #.# #. #.# #.
#.# #. #.# #. #g#
#. #@# #. #.# ##.
#.# #.. #.# ##.#
#.#############..#
#...............##
#################


You could see a hobgoblin.

Vanquished Creatures
  A giant cockroach (D:1)
  A bat (D:1)
  A fungus (D:1)
3 creatures vanquished.

Notes
Turn   | Place    | Note
-------+----------+-------------------------------------------
     0 | D:1      | mhoghedin the Kobold Artificer began the quest for the Orb.
     0 | D:1      | Reached XP level 1. HP: 12/12 MP: 3/3
   396 | D:1      | HP: 2/12 [hobgoblin/club (2)]
   397 | D:1      | Slain by a hobgoblin

Vault maps used:
D:1:      dpeg_arrival_water_fire

Action                   || total
-------------------------++-------
Melee: Short sword       ||    39
Armor: Leather armour    ||     7
Dodge: Dodged            ||    13

Table legend:
 A = Spawn XP
 B = Non-spawn XP
 C = Spawn XP percentage of total XP
 D = Spawn monster count
 E = Non-spawn monster count
 F = Spawn count percentage of total count
 G = Total turns spent on level
                    A         B        C        D         E        F      G
               +---------+---------+-------+---------+---------+-------+---------
         Total |       0 |       3 |   0.0 |       0 |       2 |   0.0 |   397
               +---------+---------+-------+---------+---------+-------+---------
           D:1 |       0 |       3 |   0.0 |       0 |       2 |   0.0 |   397
               +---------+---------+-------+---------+---------+-------+---------

Vault maps used:
D:1:      dpeg_arrival_water_fire

Table legend:
 A = Turns spent in this place as a percentage of turns spent in the entire game.
 B = Non-inter-level travel turns spent in this place as a percentage of non-inter-level travel turns spent in the entire game.
 C = Inter-level travel turns spent in this place as a percentage of turns spent in this place.
 D = Turns resting spent in this place as a percentage of non-inter-level travel turns spent in this place.
 E = Turns spent auto-exploring this place as a percentage of non-inter-level travel turns spent in this place.
 F = Non-inter-level travel turns spent in this place divided by the number of levels of this place that you've seen.
                   A       B       C       D       E      F
               +-------+-------+-------+-------+-------+----------------------
         Total | 100.0 | 100.0 |   0.0 |   0.0 |  72.8 | 397.0
       Dungeon | 100.0 | 100.0 |   0.0 |   0.0 |  72.8 | 397.0
               +-------+-------+-------+-------+-------+----------------------

Table legend:
 A = Kills in this place as a percentage of kills in entire the game.
 B = Kills by you in this place as a percentage of kills by you in the entire game.
 C = Kills by friends in this place as a percentage of kills by friends in the entire game.
 D = Other kills in this place as a percentage of other kills in the entire game.
 E = Experience gained in this place as a percentage of experience gained in the entire game.
 F = Experience gained in this place divided by the number of levels of this place that you have seen.
                   A       B       C       D       E      F
               +-------+-------+-------+-------+-------+----------------------
         Total | 100.0 | 100.0 |   N/A |   N/A | 100.0 |   3.0
       Dungeon | 100.0 | 100.0 |   N/A |   N/A | 100.0 |   3.0
               +-------+-------+-------+-------+-------+----------------------
